 Dungeon Crawl Stone Soup version 0.27-a0-460-g297a19dbdb (webtiles) character file.

Game seed: 14276817071992480966

1593 Anon1729 the Chopper (level 8, -1/70 HPs)
             Began as a Ghoul Fighter on Feb 28, 2021.
             Was a Follower of Makhleb.
             Killed by divine providence
             ... invoked by an orc priest
              (9 damage)
             ... on level 7 of the Dungeon.
             The game lasted 00:07:44 (4996 turns).

Anon1729 the Chopper (Ghoul Fighter)                Turns: 4996, Time: 00:07:45

Health: -1/70      AC: 17    Str: 21    XL:     8   Next: 93%
Magic:  9/9        EV:  7    Int:  4    God:    Makhleb [*.....]
Gold:   129        SH:  9    Dex:  8    Spells: 7/7 levels left

rFire    . . .     SeeInvis .   a - +0 war axe
rCold    . . .     Faith    .   c - +0 kite shield
rNeg     + + +     Spirit   .   b - +0 scale mail
rPois    ∞         Reflect  .   F - +1 helmet of Midwinter {+Fly rC- rN+ Regen+}
rElec    .         Harm     .   (no cloak)
rCorr    .         Rampage  .   p - +1 pair of gloves
Will     +....                  l - +0 pair of boots
Stlth    ..........             r - amulet of regeneration
HPRegen  0.00/turn              i - +4 ring of protection
MPRegen  0.11/turn              z - ring of willpower

@: no status effects
A: claws 1, cold resistance 1, negative energy resistance 3, inhibited
regeneration, torment resistance, unbreathing
a: Renounce Religion, Evoke Flight


You were on level 7 of the Dungeon.
You worshipped Makhleb.
Makhleb was aware of your devotion.
You visited 2 branches of the dungeon, and saw 8 of its levels.

You collected 426 gold pieces.
You spent 297 gold pieces at shops.

Inventory:

Hand Weapons
 a - a +0 war axe (weapon)
Armour
 b - a +0 scale mail (worn)
 c - a +0 kite shield (worn)
 j - a +0 helmet
 l - a +0 pair of boots (worn)
 p - a +1 pair of gloves (worn)
 A - the +0 robe of Tiobrekk {+Blink +Fly rF+ Regen+}
   (You found it on level 4 of the Dungeon)

   It protects you from fire.
   It lets you fly.
   It lets you blink.
   It increases your rate of regeneration.
 F - the +1 helmet of Midwinter (worn) {+Fly rC- rN+ Regen+}
   (You bought it in a shop on level 6 of the Dungeon)

   It makes you vulnerable to cold.
   It protects you from negative energy.
   It lets you fly.
   It increases your rate of regeneration.
Jewellery
 i - a +4 ring of protection (left hand)
 r - an amulet of regeneration (around neck)
 w - an amulet of the acrobat
 y - an amulet of faith
 z - a ring of willpower (right hand)
 G - a ring of resist corrosion
 I - a +6 ring of dexterity
Wands
 D - a wand of mindburst (12)
 J - a wand of random effects (17)
Scrolls
 e - 2 scrolls of amnesia
 g - 3 scrolls of identify
 k - a scroll of blinking
 o - 3 scrolls of enchant armour
 v - a scroll of fog
 x - 2 scrolls of teleportation
 B - 2 scrolls of fear
 E - a scroll of magic mapping
 K - a scroll of immolation {unknown}
Potions
 d - a potion of might
 f - a potion of haste
 h - 2 potions of curing
 m - 2 potions of lignification {unknown}
 n - a potion of heal wounds {unknown}
 q - a potion of flight {unknown}
 s - 3 potions of resistance {unknown}
 t - 4 potions of attraction {unknown}
 u - a potion of cancellation {unknown}
 C - 2 potions of ambrosia {unknown}
 H - a potion of invisibility {unknown}


   Skills:
 + Level 6.0 Fighting
 * Level 6.3 Axes
 + Level 5.0 Armour
 + Level 5.0 Shields
 + Level 3.1 Invocations


You had 7 spell levels left.
You didn't know any spells.
Your spell library was empty.

Dungeon Overview and Level Annotations

Branches:
Dungeon (7/15)             Temple (1/1) D:6

Altars:
Dithmenos
Fedhas
Makhleb
Qazlal
Xom

Shops:
D:6 *

Annotations:
D:4 3 runed translucent doors, Scuka's ghost, amateur OgFi


Innate Abilities, Weirdness & Mutations

You thrive by killing the living.
You are immune to poison.
You have sharp fingernails.
Your flesh is cold resistant. (rC+)
You are immune to negative energy. (rN+++)
You do not regenerate when monsters are visible.
You are immune to unholy pain and torment.
You can survive without breathing.


Message History

You hear some strange, mumbled words.
Something tries to affect you, but you resist.
Unknown command.
You miss something. Something hits you but does no damage.
You miss something. Something hits you but does no damage.
You slash something! Something hits you but does no damage.
You hear some strange, mumbled words.
A puff of flame appears from out of thin air!
The puff of flame hits you but does no damage.
You barely miss something. You block something's attack.
You barely miss something. You block something's attack.
Something hits you but does no damage.
You closely miss something. Something hits you but does no damage.
You miss something. Something hits you but does no damage.
You miss something.
Something hits you but does no damage. x2
You miss something. You block something's attack.
You closely miss something.
Something hits you but does no damage. x2
You closely miss something.
You hear some strange, mumbled words.
A magic dart appears from out of thin air!
The magic dart hits you.
* * * LOW HITPOINT WARNING * * *
You hit something but do no damage. Something hits you but does no damage.
Your shield prevents you from hitting something.
Something hits you but does no damage. You block something's attack.
You closely miss something. Something hits you but does no damage.
You closely miss something. Something hits you but does no damage.
The orc priest invokes the aid of Beogh against you.
Beogh smites you!
* * * LOW HITPOINT WARNING * * *
You closely miss something. Something hits you but does no damage.
Something hits you.
* * * LOW HITPOINT WARNING * * *
The orc priest miscasts a cantrip.
Unknown command.
You feel better. Something hits you.
* * * LOW HITPOINT WARNING * * *
The orc priest mumbles some strange prayers to Beogh against you.
Beogh smites you!
You die...

################
#.......@{o.....
#.########..!...
##.########
#####
#..........
#..######## #..#
####..######
#...........
#.##..######


You could see an orc priest.

Vanquished Creatures
  Sigmund (D:4)
  An orc warrior (D:7)
  A sky beast (D:7)
  2 ogres
  2 bullfrogs
  6 wights
  2 howler monkeys
  A hound (D:4)
  5 orc priests
  An iguana (D:4)
  3 orc wizards
  5 worker ants
  A worker ant zombie (D:5)
  5 adders
  A river rat (D:5)
  A shadow imp (D:6)
  2 white imps (D:5)
  An ufetubus (D:5)
  An adder zombie (D:5)
  An adder skeleton (D:5)
  3 worms
  A dart slug (D:1)
  8 leopard geckos
  26 orcs
  4 giant cockroaches
  4 goblins
  6 hobgoblins
  17 jackals
  2 kobolds (D:1)
  2 quokkas (D:3)
  2 ball pythons (D:4)
  6 bats
  2 frilled lizards
  A quokka zombie (D:5)
  5 rats
132 creatures vanquished.

Notes
Turn   | Place    | Note
-------+----------+-------------------------------------------
     0 | D:1      | Anon1729 the Ghoul Fighter began the quest for the Orb.
     0 | D:1      | Reached XP level 1. HP: 19/19 MP: 0/0
   409 | D:1      | Reached XP level 2. HP: 20/26 MP: 1/1
  1212 | D:2      | Reached XP level 3. HP: 31/31 MP: 2/2
  1335 | D:2      | Found a shimmering altar of Xom.
  1605 | D:3      | Reached XP level 4. HP: 39/40 MP: 3/3
  2304 | D:3      | Reached XP level 5. HP: 46/46 MP: 4/4
  2462 | D:4      | Identified the +0 robe of Tiobrekk {+Blink +Fly rF+ Regen+}
  2465 | D:4      | Noticed Sigmund
  2843 | D:4      | Killed Sigmund
  2844 | D:4      | Reached XP level 6. HP: 45/53 MP: 5/5
  2882 | D:4      | Found a runed translucent gate.
  2882 | D:4      | Found a runed translucent gate.
  2886 | D:4      | Found a runed translucent gate.
  3045 | D:4      | Reached XP level 7. HP: 41/60 MP: 6/6
  3139 | D:4      | Found a blossoming altar of Fedhas.
  3201 | D:4      | Noticed Scuka's ghost (amateur OgFi)
  3415 | D:5      | Entered Level 5 of the Dungeon
  3439 | D:5      | You fall into a shaft and drop 1 floor!
  3445 | D:6      | Found a staircase to the Ecumenical Temple.
  3475 | Temple   | Entered the Ecumenical Temple
  3482 | Temple   | Became a worshipper of Makhleb the Destroyer
  3601 | D:6      | Found a shadowy altar of Dithmenos.
  3626 | D:6      | Found Hifobraudgh's Assorted Antiques.
  3629 | D:6      | Bought a heavily runed helmet for 228 gold pieces
  3629 | D:6      | Identified the +1 helmet of Midwinter {+Fly rC- rN+ Regen+}
                  | (You bought it in a shop on level 6 of the Dungeon)
  3629 | D:6      | Bought a scroll labelled LACIPUKL PIGIA for 24 gold pieces
  3629 | D:6      | Bought a scroll labelled LACIPUKL PIGIA for 24 gold pieces
  3629 | D:6      | Bought a white potion for 21 gold pieces
  3648 | D:6      | Reached skill level 5 in Fighting
  4012 | D:6      | Reached skill level 1 in Invocations
  4027 | D:6      | Reached skill level 5 in Axes
  4087 | D:6      | Reached XP level 8. HP: 41/68 MP: 8/8
  4209 | D:5      | Reached * piety under Makhleb
  4967 | D:7      | Reached skill level 5 in Armour
  4967 | D:7      | Reached skill level 5 in Shields
  4996 | D:7      | Killed from afar by an orc priest

Illustrated notes

Levels and vault maps discovered:
D:1:      dpeg_arrival_lava_temple_mockup, layout_basic, nrook_mini_vaults
D:2:      layout_basic, lemuel_round_altar
D:3:      kennysheep_big_flooded_room, layout_basic
D:4:      layout_cave_pools, gammafunk_ghost_icy, fedhas_altar_fruit_tree,
          uniq_sigmund
D:5:      layout_rooms, gup_sewer_entry_bubbles
D:6:      layout_basic, temple_green, serial_shops, nicolae_shop_behind_doors,
          nicolae_dithmenos_through_a_glass_darkly
D:7:      layout_loops_ring, gammafunk_ghost_mausoleum
Temple:   minmay_crystal_snake_temple

Skill      XL: |  1  2  3  4  5  6  7  8 |
---------------+-------------------------+-----
Axes           | 2 3 4 5 6 |  6.3
Armour         | 3 4 5 |  5.0
Shields        | 3 4 5 |  5.0
Fighting       | 4 5 6 |  6.0
Invocations    | 1 3 |  3.1

Action                   |  1- 3 |  4- 6 |  7- 9 || total
-------------------------+-------+-------+-------++-------
Melee: War axe           |    75 |   139 |   352 ||   566
  Use: Scroll            |       |       |     8 ||     8
       Potion            |       |       |     1 ||     1
Armor: Scale mail        |    51 |    84 |   252 ||   387
Dodge: Dodged            |    22 |    42 |   132 ||   196
Block: Kite shield       |    33 |    72 |   180 ||   285

Table legend: (Time is in decaauts)
 A = Elapsed time spent in this place.
 B = Non-inter-level travel time spent in this place.
 C = Inter-level travel time spent in this place.
 D = Time resting spent in this place.
 E = Time spent auto-exploring this place.
 F = Levels seen in this place.
 G = Mean time per level.
                   A        B        C        D        E       F      G
               +--------+--------+--------+--------+--------+-----+--------+
         Total |   5317 |   5149 |    168 |    476 |   3273 |   8 |  664.6 |
       Dungeon |   5302 |   5134 |    168 |    476 |   3273 |   7 |  757.4 |
        Temple |     14 |     14 |      0 |      0 |      0 |   1 |   14.0 |
               +--------+--------+--------+--------+--------+-----+--------+

Top non-repeatable levels by time:
     D:3: 1204 daAuts
     D:1: 941 daAuts
     D:6: 909 daAuts
     D:4: 719 daAuts
     D:2: 691 daAuts
     D:5: 597 daAuts
     D:7: 238 daAuts
  Temple: 14 daAuts
